 Dungeon Crawl Stone Soup version bcrawl-1.21.2-1-g32d02e0829 (webtiles) character file.

Game seed: 4128749489775351629

19224 MisterOstroum the Fighter (level 12, 0/100 HPs)
             Began as a Demonspawn Martial Artist on Feb 22, 2020.
             Was a High Priest of Wu Jian.
             Slain by an ice devil (23 damage)
             ... on level 3 of the Lair of Beasts.
             The game lasted 00:29:04 (12228 turns).

MisterOstroum the Fighter (DsMA)                   Turns: 12228, Time: 00:29:05

Health: 0/100      AC: 15    Str: 22    XL:     12   Next: 34%
Magic:  15/15      EV: 16    Int: 11    God:    Wu Jian [*****.]
Gold:   907        SH: 12    Dex: 21    Spells: 10/13 levels left

rFire    . . .     SeeInvis +   b - +6 rapier (elec)
rCold    . . .     Gourm    .   I - +0 shield
rNeg     . . .     Faith    .   P - +5 robe of Night {Dark MR+ SInv}
rPois    +         Spirit   .   Q - +2 helmet
rElec    .         Reflect  .   h - +2 cloak {rPois}
rCorr    +         Harm     .   k - +0 pair of gloves
MR       +....                  (no boots)
Stlth    +.........             r - amulet of magic regeneration
HPRegen  0.26/turn              G - ring of resist corrosion
MPRegen  0.39/turn              H - +5 ring of dexterity

@: mighty, glowing, heavenly storm
A: claws 1, repulsion field 2, demonic guardian 1, powered by pain 1
a: Wall Jump, Serpent's Lash, Heavenly Storm, Renounce Religion


You were on level 3 of the Lair of Beasts.
You worshipped Wu Jian.
Wu Jian was extremely pleased with you.
You were not hungry.

You visited 2 branches of the dungeon, and saw 12 of its levels.
You also visited: Sewer.

You collected 907 gold pieces.

Inventory:

Hand Weapons
 a - the +4 short sword of Hacking and Slashing {venom, Int+5}
   (You found it on level 5 of the Dungeon)

   It poisons the flesh of those it strikes.
   It affects your intelligence (+5).
 b - a +6 rapier of electrocution (weapon)
 n - a +0 great sword
 v - a +0 hunting sling
 N - a +0 blowgun
Missiles
 i - 2846 stones (quivered)
 p - 1171 sling bullets
 x - 45 tomahawks
 E - 472 bolts
 O - 329 poisoned needles
 S - 469 arrows
Armour
 h - a +2 cloak of poison resistance (worn)
 j - a +1 plate armour of poison resistance
 k - a +0 pair of gloves (worn)
 s - a +0 ring mail
 I - a +0 shield (worn)
 P - the +5 robe of Night (worn) {Dark MR+ SInv}
   (You found it on level 3 of the Lair of Beasts)

   It affects your resistance to hostile enchantments.
   It lets you see invisible.
 Q - a +2 helmet (worn)
Jewellery
 c - an uncursed ring of fire
 r - an amulet of magic regeneration (around neck)
 G - a ring of resist corrosion (left hand)
 H - a +5 ring of dexterity (right hand)
Wands
 d - a wand of disintegration (11)
 y - a wand of acid (12)
 V - a wand of iceblast (7)
 X - a wand of random effects (19)
Scrolls
 f - a scroll of magic mapping {@r5 !r}
 l - 2 scrolls of noise {unknown}
 m - 2 scrolls of remove curse {@r2}
 o - 3 scrolls of fear {!r}
 q - 3 scrolls of immolation {unknown}
 t - 7 scrolls of amnesia
 z - 2 scrolls of blinking
 D - a scroll of vulnerability {unknown}
 W - a scroll of teleportation {unknown}
 Y - 3 scrolls of identify {@r1}
 Z - a scroll of enchant armour
Potions
 g - 2 potions of cancellation {unknown}
 u - 3 potions of mutation {unknown}
 w - 6 potions of curing {@q1 !q}
 A - 4 potions of berserk rage
 B - a potion of ambrosia {unknown}
 F - 3 potions of haste {@q4 !q}
 J - a potion of invisibility {unknown}
 K - 2 potions of flight {unknown}
 L - 6 potions of heal wounds
 M - 2 potions of brilliance {unknown}
 R - 2 potions of might {unknown}
 T - a potion of agility {@q5 !q}
 U - 3 potions of lignification {unknown}
Miscellaneous
 C - a phial of floods
Comestibles
 e - 28 rations {!d}


   Skills:
 * Level 11.5 Fighting
 - Level 7.4 Short Blades
 - Level 6.6 Armour
 - Level 4.0 Dodging
 - Level 2.7 Stealth
 + Level 7.9 Shields
 * Level 8.0 Unarmed Combat
 - Level 1.3 Spellcasting
 - Level 1.0 Hexes
 - Level 0.5 Translocations
 - Level 5.1 Evocations


You had 10 spell levels left.
You knew the following spells:

 Your Spells              Type           Power        Failure   Level  Hunger
a - Confusing Touch       Hex            #.......     45%         1    ##.....
B - Blink                 Tloc           N/A          67%         2    ###....

Your spell library contained the following spells:

 Spells                   Type           Power        Failure   Level  Hunger
 Corona                   Hex            #......      45%         1    ##.....
 Shackle                  Hex            #.......     58%         2    ###....
 Magic Dart               Conj           #...         61%         1    ##.....
 Sting                    Conj/Pois      #...         61%         1    ##.....
 Summon Small Mammal      Summ           #...         61%         1    ##.....
 Call Imp                 Summ           #.....       75%         2    ###....
 Poisonous Vapours        Pois/Air       #.....       75%         2    ###....
 False Image              Hex/Summ       #.......     88%         3    ####...
 Inner Flame              Hex/Fire       N/A          88%         3    ####...
 Call Canine Familiar     Summ           #.......     93%         3    ####...
 Conjure Flame            Conj/Fire      #.......     93%         3    ####...
 Ignite Poison            Fire/Tmut/Pois #.......     93%         3    ####...
 Mephitic Cloud           Conj/Pois/Air  #.......     93%         3    ####...
 Spider Form              Tmut/Pois      #..          93%         3    ####...
 Cause Fear               Hex            #.........   99%         4    #####..
 Yara's Violent Unravell  Hex/Tmut       #.........   99%         4    #####..
 Olgreb's Toxic Radiance  Pois           #.......     100%        4    #####..
 Summon Ice Beast         Ice/Summ       #.......     100%        4    #####..
 Summon Scorpions         Summ/Pois      #.......     100%        4    #####..
 Summon Lightning Spire   Summ/Air       #.......     100%        5    ######.
 Venom Bolt               Conj/Pois      #.........   100%        5    ######.


Dungeon Overview and Level Annotations

Branches:
Dungeon (9/12)             Temple (0/1) D:6            Lair (3/6) D:9
 Shoals (0/3) Lair:3          Orc (0/1) D:9
  Snake: Lair:2-4    Spider: Lair:2-4

Altars:
Ashenzari
Cheibriados
Elyvilon
Fedhas
Gozag
Hepliaklqana
Lugonu
Nemelex Xobeh
Okawaru
Qazlal
Wu Jian
Zin

Shops:
D:6 =   D:7 %   D:9 (

Portals:
Ice
Cave: Lair:3

Annotations:
D:3 Sigmund
D:6 2 transporters, Sickboy's ghost, novice HOFi


Innate Abilities, Weirdness & Mutations

You have sharp fingernails.
You are surrounded by a moderate repulsion field. (EV +3)
A weak demonic guardian rushes to your aid.
You sometimes gain a little power by taking damage.


Message History

The crocodile bites your iron imp!
Your shadow imp hits the crocodile.
Something closely misses your shadow imp.
Your iron imp disappears in a puff of smoke!
Your shadow imp disappears in a puff of smoke!
The crocodile barely misses you.
You closely miss the crocodile.
The crocodile is lightly wounded.
You block the crocodile's attack.
You hit the crocodile.
The crocodile is lightly wounded.
You hit the crocodile.
The crocodile is moderately wounded.
The crocodile closely misses you.
You hit the crocodile.
The crocodile is heavily wounded.
You block the crocodile's attack.
Your quasit completely misses the crocodile.
Your quasit closely misses the crocodile.
Your quasit claws the crocodile.
Your shield prevents you from hitting the crocodile.
The crocodile is heavily wounded.
The crocodile misses you.
Your quasit bites the crocodile but does no damage.
Your quasit barely misses the crocodile.
Your quasit closely misses the crocodile.
You closely miss the crocodile.
The crocodile is heavily wounded.
Your quasit bites the crocodile.
Your quasit claws the crocodile but does no damage.
Your quasit claws the crocodile.
The crocodile completely misses you.
Your quasit barely misses the crocodile.
Your quasit claws the crocodile but does no damage. x2
You barely miss the crocodile.
The crocodile is heavily wounded.
Your quasit closely misses the crocodile.
Your quasit barely misses the crocodile. x2
The crocodile misses you.
The death yak barely misses your quasit.
You hit the crocodile.
The crocodile is severely wounded.
Your quasit bites the crocodile.
Your quasit claws the crocodile but does no damage.
Your quasit barely misses the crocodile.
The crocodile barely misses your quasit.
Your quasit bites the crocodile.
Your quasit claws the crocodile.
Your quasit barely misses the crocodile.
The death yak gores your quasit but does no damage.
You hit the crocodile.
Lightning courses through the crocodile!
You kill the crocodile!
The Council accepts your kill.
Your Unarmed Combat skill increases to level 8!
The death yak gores your quasit!!
Your quasit dies!
Found a ration.
A komodo dragon comes into view.
You see here a ration {!d}.
You open the door.
Found 21 gold pieces.
An ice devil comes into view.
There is an open door here.
An ice devil comes into view.
There's a creature in the doorway!
Your iron imp hits the death yak.
Found a frozen archway.
You see here 21 gold pieces.
You lunge at the ice devil.
You hit the ice devil.
The ice devil is lightly wounded.
You block the ice devil's attack.
Your iron imp hits the death yak.
You block the ice devil's attack.
Okay, then.
Unknown command.
You spin and attack the ice devil.
You hit the ice devil but do no damage.
The ice devil is lightly wounded.
You block the ice devil's attack.
The air is filled with shimmering golden clouds!
Sifu Ma Yunglu says: The storm will not cease as long as you keep fighting, disciple!
You hear an angry hiss.
The death yak misses you. You block the ice devil's attack. x2
Your iron imp hits the death yak!
You spin and attack the ice devil.
You puncture the ice devil!
The ice devil is heavily wounded.
You spin and attack the ice devil repeatedly.
You hit the ice devil.
Lightning courses through the ice devil!
The ice devil is moderately wounded.
You puncture the ice devil!
The ice devil is heavily wounded.
The ice devil hits you. The ice devil freezes you!
Your iron imp hits the ice devil!
The ice devil hits you. The ice devil freezes you!
* * * LOW HITPOINT WARNING * * *
You focus on the pain.
You feel very mighty all of a sudden.
You hit the death yak.
The death yak is lightly wounded.
The ice devil hits you.
* * * LOW HITPOINT WARNING * * *
The ice devil freezes you!!
You die...

,,,,****#.#*##...#### ##...# **,,
*,,,* **.,* ##..# ##†## *,,,
**,,* *,,,* ##.#* #...# **,,
**,,* *,*,* #..# #..## **,,
**,,****,,** #.## ##..# *,,,
,,,,,***,,,** *## ###..## **,,
,,,,,,,,,,,,*###### #....## *,,,
,,,,,,,,,,,,*#§5§§####.....#**,,,
,,,*,,,,,,,,*#§§@Y##.'%......,,,,
,*,,,,,,,,,,*#§☼44§5.#.......l,,,
,,,,,,,,,,,,*#§5§§##.+........,,,
,,**,,,,**,,*#....####.......,,,,
,,,,,,,,,,,,*###### #.......,,,,
,,,,,,,,,,,,* #......,,,,,
*,*,,,******* **,,***,*,,,
******* **** ****** *


You could see a death yak, 2 ice devils, a friendly iron imp and a friendly
shadow imp.

Vanquished Creatures
  2 two-headed ogres
  The ghost of Mrkan the Cleaver, a novice MiMo of Trog (D:8)
  A black mamba (Lair:1)
  7 elephants
  8 cane toads
  A centaur zombie (D:8)
  A rime drake (Lair:2)
  2 komodo dragons (Lair:1)
  A troll (D:8)
  A polar bear (Lair:2)
  3 hippogriffs
  18 yaks
  Eustachio (D:5)
  4 hogs (D:7)
  2 basilisks (Lair:2)
  A human (D:7)
  5 crocodiles
  3 water moccasins
  8 porcupines
  3 black bears
  2 sky beasts
  An orc warrior (D:6)
  2 ice beasts
  2 ogres
  20 wolves
  2 centaurs
  9 bullfrogs
  A big kobold (Sewer)
  6 gnoll sergeants (D:6)
  3 wyvern skeletons
  3 killer bees (D:9)
  4 wights (D:8)
  A howler monkey (D:6)
  A crimson imp (D:4)
  A quasit (D:8)
  6 hounds
  A bullfrog skeleton (D:7)
  2 centaur skeletons
  2 orc priests
  A gnoll shaman (D:6)
  2 jellies (D:5)
  Crazy Yiuf (D:5)
  3 orc wizards
  An iguana (D:9)
  4 worker ants
  A hound zombie (D:4)
  A worker ant zombie (D:5)
  11 gnolls
  4 river rats (Sewer)
  12 adders
  A shadow imp (D:9)
  3 oozes
  4 worms
  A dart slug (D:4)
  5 leopard geckos
  14 orcs
  7 ball pythons
  4 giant cockroaches
  5 goblins
  8 hobgoblins
  7 jackals
  A quokka (D:2)
  A bat (D:3)
  4 frilled lizards (D:1)
  21 kobolds
  A leopard gecko skeleton (D:4)
  25 rats
295 creatures vanquished.

Vanquished Creatures (collateral kills)
  A cane toad (Lair:3)
  A troll (D:8)
  3 yaks
  A sky beast (D:7)
  A bullfrog (Lair:1)
  A crimson imp (D:5)
  A hound (D:7)
  A jelly (D:9)
  A gnoll (D:6)
  An orc (D:9)
  2 kobolds (Sewer)
  A fungus (Lair:2)
15 creatures vanquished.

Vanquished Creatures (others)
  4 fungi (D:9)
  A plant (Lair:3)
5 creatures vanquished.

Grand Total: 315 creatures vanquished

Notes
Turn   | Place    | Note
-------+----------+-------------------------------------------
     0 | D:1      | MisterOstroum the Demonspawn Martial Artist began the quest
                  | for the Orb.
     0 | D:1      | Reached XP level 1. HP: 18/18 MP: 2/2
    68 | D:1      | Gained mutation: You are surrounded by a mild repulsion
                  | field. (EV +2) [demonic ancestry]
    68 | D:1      | Reached XP level 2. HP: 14/24 MP: 3/3
   555 | D:1      | Reached ** piety under Wu Jian
   715 | D:1      | Reached XP level 3. HP: 28/29 MP: 4/4
   937 | D:2      | Reached skill level 1 in Short Blades
  1003 | D:2      | Found a hazy altar of Hepliaklqana.
  1509 | D:3      | Reached XP level 4. HP: 28/37 MP: 5/5
  1633 | D:3      | Reached skill level 4 in Fighting
  1641 | D:3      | Found a faded altar of an unknown god.
  2198 | D:3      | Noticed Sigmund
  2353 | D:3      | Reached *** piety under Wu Jian
  2394 | D:3      | Found a stormy altar of Qazlal.
  2468 | D:4      | Reached XP level 5. HP: 42/42 MP: 6/6
  2524 | D:4      | Got a twisted scale mail
  2774 | D:4      | Reached skill level 1 in Evocations
  3208 | D:4      | Gained mutation: A weak demonic guardian rushes to your
                  | aid. [demonic ancestry]
  3208 | D:4      | Reached XP level 6. HP: 43/49 MP: 7/7
  3758 | D:5      | Entered Level 5 of the Dungeon
  3808 | D:5      | Learned a level 2 spell: Blink
  4026 | D:5      | Reached skill level 5 in Fighting
  4144 | D:5      | Found a corrupted altar of Lugonu.
  4163 | D:5      | Found a runed door.
  4190 | D:5      | Noticed Eustachio
  4243 | D:6      | Identified the cursed +1 scale mail "Ynionuf" {rF- rN+
                  | MP+9} (You found it on level 4 of the Dungeon)
  4261 | D:6      | Found a staircase to the Ecumenical Temple.
  4294 | D:6      | Found a transporter.
  4296 | D:6      | Found a white marble altar of Elyvilon.
  4305 | D:6      | Noticed a centaur warrior
  4318 | D:6      | Reached XP level 7. HP: 40/56 MP: 9/9
  4330 | D:6      | Found Sots's Jewellery Boutique.
  4339 | D:6      | Reached skill level 1 in Armour
  4537 | D:6      | Found an iron altar of Okawaru.
  4553 | D:6      | Reached **** piety under Wu Jian
  4615 | D:6      | Gained mutation: You sometimes gain a little power by
                  | taking damage. [demonic ancestry]
  4615 | D:6      | Reached XP level 8. HP: 31/63 MP: 11/11
  4618 | D:6      | Found a transporter.
  4628 | D:6      | Noticed a cyclops
  4814 | D:6      | Found a glowing drain.
  4823 | Sewer    | Entered a sewer
  5282 | Sewer    | Reached ***** piety under Wu Jian
  5645 | D:6      | Noticed Sickboy's ghost (novice HOFi)
  5684 | D:6      | Found a glowing silver altar of Zin.
  5815 | D:5      | Got a blackened short sword
  5884 | D:5      | Reached skill level 6 in Fighting
  5884 | D:5      | Reached skill level 5 in Evocations
  6018 | D:5      | Killed Eustachio
  6018 | D:5      | Reached skill level 1 in Shields
  6022 | D:5      | Identified the +4 short sword of Hacking and Slashing
                  | {venom, Int+5} (You found it on level 5 of the Dungeon)
  6280 | D:5      | Found an opulent altar of Gozag.
  6476 | D:5      | Noticed Crazy Yiuf
  6479 | D:5      | Killed Crazy Yiuf
  7044 | D:7      | Noticed a hippogriff
  7103 | D:7      | Found a snail-covered altar of Cheibriados.
  7104 | D:7      | Found a blossoming altar of Fedhas.
  7202 | D:7      | Reached skill level 5 in Short Blades
  7304 | D:7      | Reached XP level 9. HP: 50/71 MP: 12/12
  7429 | D:7      | Found a sparkling altar of Nemelex Xobeh.
  7430 | D:7      | Found a shattered altar of Ashenzari.
  7596 | D:7      | Reached skill level 7 in Fighting
  7722 | D:7      | Found Tollaiterph's Food Boutique.
  7945 | D:8      | Noticed a troll
  7954 | D:8      | Noticed a troll
  7958 | D:8      | Killed a troll
  7962 | D:8      | Killed a troll
  7962 | D:8      | Reached skill level 8 in Fighting
  8170 | D:8      | Gained mutation: You have sharp fingernails. [demonic
                  | ancestry]
  8170 | D:8      | Reached XP level 10. HP: 75/80 MP: 13/13
  8231 | D:8      | Noticed a two-headed ogre
  8236 | D:8      | Killed a two-headed ogre
  8273 | D:8      | Reached skill level 5 in Shields
  8275 | D:8      | Found a runed translucent door.
  8278 | D:8      | Noticed Mrkan's ghost (novice MiMo)
  8354 | D:8      | Killed Mrkan's ghost
  8567 | D:8      | Found an ornate altar of the Wu Jian Council.
  8732 | D:9      | Reached skill level 9 in Fighting
  8802 | D:9      | Reached skill level 5 in Armour
  8843 | D:9      | Found a staircase to the Lair.
  9157 | D:9      | Noticed a two-headed ogre
  9168 | D:9      | Killed a two-headed ogre
  9168 | D:9      | Gained mutation: You are surrounded by a moderate repulsion
                  | field. (EV +3) [demonic ancestry]
  9168 | D:9      | Reached XP level 11. HP: 82/89 MP: 14/14
  9214 | D:9      | Found Oribaekk's Antique Weapon Boutique.
  9309 | D:9      | Found a staircase to the Orcish Mines.
  9590 | Lair:1   | Entered Level 1 of the Lair of Beasts
  9671 | Lair:1   | Reached skill level 5 in Unarmed Combat
  9709 | Lair:1   | Got a jewelled plate armour
  9733 | Lair:1   | Identified the +4 plate armour of Vesotic {rF- Dex-4 SInv
                  | Stlth+} (You found it on level 1 of the Lair of Beasts)
  9794 | Lair:1   | Reached skill level 10 in Fighting
 11444 | Lair:2   | Reached skill level 11 in Fighting
 11444 | Lair:2   | Reached XP level 12. HP: 97/100 MP: 15/15
 12079 | Lair:3   | Found the +5 robe of Night {Dark MR+ SInv}
 12099 | Lair:3   | Noticed a death yak
 12123 | Lair:3   | Reached ****** piety under Wu Jian
 12223 | Lair:3   | Found a frozen archway.
 12228 | Lair:3   | Slain by an ice devil

Skill      XL: |  1  2  3  4  5  6  7  8  9 10 11 12 |
---------------+-------------------------------------+-----
Short Blades   | 1 2 3 5 6 7 |  7.4
Dodging        | 3 4 |  4.0
Fighting       | 4 5 6 8 9 11 | 11.5
Stealth        | 2 |  2.7
Evocations     | 1 2 4 5 |  5.1
Armour         | 1 3 4 5 6 |  6.6
Shields        | 2 4 6 7 |  7.9
Unarmed Combat | 4 7 8 |  8.0
Spellcasting   | |  1.3
Hexes          | |  1.0
Translocations | |  0.5

Action                   |  1- 3 |  4- 6 |  7- 9 | 10-12 || total
-------------------------+-------+-------+-------+-------++-------
Melee: Unarmed           |    21 |       |       |       ||    21
       Short sword       |    91 |   158 |   263 |     6 ||   518
       Punch             |     1 |       |     1 |       ||     2
       Rapier            |       |       |   120 |   471 ||   591
Throw: Stone             |     5 |     1 |    13 |     5 ||    24
Invok: Whirlwind         |     8 |    13 |    89 |   126 ||   236
       Lunge             |    12 |    14 |    28 |    17 ||    71
       Heavenly Storm    |       |       |       |     1 ||     1
 Abil: Serpent's Lash    |       |       |     5 |     4 ||     9
       Wall Jump         |       |       |     1 |     1 ||     2
Evoke: Wand              |       |       |       |     3 ||     3
  Use: Scroll            |       |     8 |     4 |     6 ||    18
 Stab: Sleeping          |     5 |     4 |     2 |     1 ||    12
       Distracted        |       |     2 |     5 |     8 ||    15
       Invisible         |       |       |     2 |       ||     2
  Eat: Chunk             |     2 |     9 |     9 |    12 ||    32
       Ration            |       |       |     1 |     1 ||     2
Armor: Robe              |     5 |       |       |     8 ||    13
       Leather armour    |     9 |    17 |       |       ||    26
       Plate armour      |       |     9 |    79 |    94 ||   182
       Scale mail        |       |     1 |    21 |       ||    22
       Ring mail         |       |       |    33 |    24 ||    57
Dodge: Dodged            |    72 |    91 |   137 |   146 ||   446
Block: Shield            |       |       |    90 |   198 ||   288
